 Dungeon Crawl Stone Soup version 0.29-a0-668-g12ee2bf84d (webtiles) character file.

Game seed: 12967838652954109058

673 Sabo the Cleaver (level 7, 0/61 HPs)
             Began as a Hill Orc Fighter on June 23, 2022.
             Was a Believer of Trog.
             Slain by a hound (3 damage)
             ... on level 5 of the Dungeon.
             The game lasted 00:20:58 (4293 turns).

Sabo the Cleaver (Hill Orc Fighter)                 Turns: 4293, Time: 00:20:59

Health: 0/61       AC: -4    Str: 21    XL:     7   Next: 59%
Magic:  7/7        EV: 10    Int:  8    God:    Trog [**....]
Gold:   307        SH:  4    Dex: 10    Spells: 6/6 levels left

rFire   . . .      SeeInvis .   a - +0 war axe
rCold   + . .      Faith    .   c - +0 buckler
rNeg    . . .      Spirit   .   p - +3 ring mail {rC+}
rPois   .          Reflect  .   v - +1 hat
rElec   .          Harm     .   o - scarf {repulsion}
rCorr   .          Rampage  .   x - +0 pair of gloves
Will    .....                   (no boots)
Stlth   ..........              (no amulet)
HPRegen 0.20/turn               l - +4 ring of protection
MPRegen 0.10/turn               (no ring)

@: corroded, on berserk cooldown, slowed, repel missiles, very slow
A: no striking features
a: Renounce Religion, Berserk, Trog's Hand


You were on level 5 of the Dungeon.
You worshipped Trog.
Trog was pleased with you.
You visited 1 branch of the dungeon, and saw 5 of its levels.

You collected 307 gold pieces.

Inventory:

Hand Weapons
 a - a +0 war axe (weapon)
 q - a +2 whip of electrocution
 u - a +0 shortbow
Missiles
 m - 13 poisoned darts (quivered)
Armour
 c - a +0 buckler (worn)
 o - a scarf of repulsion (worn)
 p - a +3 ring mail of cold resistance (worn)
 v - a +1 hat (worn)
 x - a +0 pair of gloves (worn)
Jewellery
 l - a +4 ring of protection (left hand)
Wands
 k - a wand of digging (4)
 n - a wand of mindburst (4)
 y - a wand of light (14)
Scrolls
 e - 5 scrolls of teleportation
 g - 3 scrolls of enchant weapon
 s - a scroll of fear
 z - a scroll of poison
 A - a scroll of brand weapon {unknown}
Potions
 b - a potion of ambrosia {unknown}
 d - 3 potions of might
 h - 3 potions of curing
 i - 2 potions of mutation
 j - 2 potions of heal wounds {unknown}
 r - a potion of cancellation {unknown}
 w - a potion of haste {unknown}


   Skills:
 + Level 5.1 Fighting
 + Level 8.0 Axes
 + Level 4.7 Armour
 + Level 1.3 Dodging
 + Level 0.1 Stealth
 + Level 4.4 Shields


You had 6 spell levels left.
You didn't know any spells.
Your spell library was empty.

Dungeon Overview and Level Annotations

Branches:
Dungeon (5/15)
 Temple: D:4-7

Altars:
Trog

Shops:
D:2 (


Message History

The jelly hits you.
You are splashed with acid!
You barely miss the jelly.
The jelly is almost dead.
The jelly hits you. The acid corrodes you!
You are splashed with acid.
* * * LOW HITPOINT WARNING * * *
The jelly hits you.
* * * LOW HITPOINT WARNING * * *
You are splashed with acid.
* * * LOW HITPOINT WARNING * * *
A red film seems to cover your vision as you go berserk!
You feel yourself moving faster!
You feel mighty! The jelly barely misses you.
You hit the jelly. The acid corrodes you!
Your hands burn!
* * * LOW HITPOINT WARNING * * *
The jelly is almost dead.
You hit the jelly but do no damage.
Your hands burn!
* * * LOW HITPOINT WARNING * * *
The jelly is almost dead.
The jelly barely misses you.
You slash the jelly!
You kill the jelly!
Trog accepts your kill.
Your Axes skill increases to level 8!
A hound comes into view.
Found a stone staircase leading up.
The hound barks!
There is an open door here.
You feel a strong urge to attack something.
You feel your anger nearly subside.
You are no longer berserk.
You are exhausted.
You feel yourself slow down.
You feel better. The hound bites you.
* * * LOW HITPOINT WARNING * * *
The hound bites you.
* * * LOW HITPOINT WARNING * * *
The hound closely misses you.
You barely miss the hound. The hound bites you.
* * * LOW HITPOINT WARNING * * *
The hound bites you.
You die...

#......#.........# ..# #
#....<.#.........####.# #.#
#......#............#.# #.#
#......#.........##.#.# #.#
#......###...#......#.# #..
#....<. ###.##.#####.######.
#......#####.##.......#......
#?.....'...#.########........
#......#...h@#########.......
#......#.#.........# #.......
.###.....#########.###.######
#.#.### ###.#...# ....
.......###### .....
#...#....... #.....
#.####.#.†.....
#......'.......
#####..#.......


You could see a hound.

Vanquished Creatures
  A water moccasin (D:4)
  A centaur (D:4)
  2 scorpions
  A hound (D:5)
  2 jellies
  An orc priest (D:4)
  An orc wizard (D:4)
  3 gnolls (D:3)
  8 adders
  3 worms
  5 dart slugs
  4 orcs
  6 ball pythons
  5 endoplasms
  6 giant cockroaches
  9 goblins
  5 hobgoblins
  9 jackals
  5 quokkas
  6 bats
  7 frilled lizards
  6 kobolds
  8 rats
104 creatures vanquished.

Notes
Turn   | Place    | Note
-------+----------+-------------------------------------------
     0 | D:1      | Sabo the Hill Orc Fighter began the quest for the Orb.
     0 | D:1      | Reached XP level 1. HP: 19/19 MP: 1/1
    56 | D:1      | Reached XP level 2. HP: 23/27 MP: 2/2
   296 | D:1      | Reached skill level 3 in Axes
   552 | D:1      | Reached XP level 3. HP: 33/33 MP: 3/3
   617 | D:1      | Found a faded altar of an unknown god.
   706 | D:1      | Prayed at the altar of an unknown god.
   706 | D:1      | Became a worshipper of Trog the Wrathful
   706 | D:1      | Reached * piety under Trog
  1244 | D:2      | Reached skill level 4 in Axes
  1785 | D:2      | Found Ligeitoch's Weapon Shoppe.
  1855 | D:2      | Reached XP level 4. HP: 39/40 MP: 4/4
  2407 | D:3      | Reached ** piety under Trog
  2453 | D:3      | Noticed a scorpion
  2460 | D:3      | Killed a scorpion
  2461 | D:3      | Reached skill level 5 in Axes
  2461 | D:3      | Reached XP level 5. HP: 46/46 MP: 5/5
  3182 | D:4      | Noticed a centaur
  3187 | D:4      | Killed a centaur
  3188 | D:4      | Reached skill level 6 in Axes
  3188 | D:4      | Reached XP level 6. HP: 53/53 MP: 6/6
  3200 | D:4      | Noticed a water moccasin
  3213 | D:4      | Killed a water moccasin
  3214 | D:4      | Reached skill level 7 in Axes
  3214 | D:4      | Reached skill level 1 in Dodging
  3583 | D:4      | Reached XP level 7. HP: 54/60 MP: 7/7
  4008 | D:5      | Entered Level 5 of the Dungeon
  4096 | D:5      | Reached skill level 5 in Fighting
  4283 | D:5      | HP: 3/91 [acid (3)]
  4285 | D:5      | Reached skill level 8 in Axes
  4293 | D:5      | HP: 3/61 [hound (2)]
  4293 | D:5      | Slain by a hound

Illustrated notes

Levels and vault maps discovered:
D:1:      giann_horns, layout_basic, hellmonk_ecumenical_altar_dog_temple,
          minmay_tall_x
D:2:      layout_basic, serial_shops, nicolae_shop_stone
D:3:      layout_rooms, kennysheep_generic_room_6
D:4:      layout_rooms, minmay_starry_boxes
D:5:      layout_basic, gammafunk_ghost_nasty_kobolds

Skill      XL: |  1  2  3  4  5  6  7 |
---------------+----------------------+-----
Fighting       | 4 5 |  5.1
Axes           | 3 4 5 6 7 8 |  8.0
Armour         | 4 |  4.7
Shields        | 4 |  4.4
Dodging        | 1 |  1.3
Stealth        | |  0.1

Action                   |  1- 3 |  4- 6 |  7- 9 || total
-------------------------+-------+-------+-------++-------
Melee: War axe           |   102 |   133 |    51 ||   286
Invok: Berserk           |       |     2 |     1 ||     3
  Use: Scroll            |     2 |     5 |     3 ||    10
       Potion            |       |     1 |     1 ||     2
Armor: Scale mail        |    81 |    39 |       ||   120
       Skin              |       |     3 |       ||     3
       Ring mail         |       |    43 |    23 ||    66
Dodge: Dodged            |    71 |    95 |    26 ||   192
       Repelled          |       |     1 |       ||     1
Block: Buckler           |    30 |    45 |     7 ||    82

Table legend: (Time is in decaauts)
 A = Elapsed time spent in this place.
 B = Non-inter-level travel time spent in this place.
 C = Inter-level travel time spent in this place.
 D = Time resting spent in this place.
 E = Time spent auto-exploring this place.
 F = Levels seen in this place.
 G = Mean time per level.
                   A        B        C        D        E       F      G
               +--------+--------+--------+--------+--------+-----+--------+
         Total |   4387 |   4387 |      0 |    912 |      0 |   5 |  877.4 |
       Dungeon |   4387 |   4387 |      0 |    912 |      0 |   5 |  877.4 |
               +--------+--------+--------+--------+--------+-----+--------+

Top non-repeatable levels by time:
     D:2: 1380 daAuts
     D:4: 1039 daAuts
     D:1: 1017 daAuts
     D:3: 663 daAuts
     D:5: 286 daAuts
